AoeStats
← catchchez

Marketplace

504431673Analyzed
1v1 RM · 29d ago on Sep 5, 2026· 29m 0s· 2 players
Game mode
Random Map
Map size
Tiny (2 player)
Population
200
Speed
Normal
Resources
Standard
Victory
Conquest
Starting age
Dark Age
Ending age
Imperial Age
RankedLock teamsTeams togetherTeam positionsShared explorationLock speedFull tech treeHidden civsTurbo modeCheats
Victory
Defeat
🇮🇳 Koreans · India
751
+18
🇨🇭 Goths · Switzerland
789
-18
catchchez
1:33 Loom
11:26 Feudal Age
12:03 Double-Bit Axe
16:53 Wheelbarrow
17:22 Fletching
23:21 Castle Age
23:35 Crossbowman
27:56 Bodkin Arrow
Palto
1:07 Loom
16:46 Feudal Age
17:12 Horse Collar
16:58 Man-at-Arms
19:33 Double-Bit Axe
24:21 Fletching
Connection lost

Rejoining the realm…

Still unreachable

The connection could not be restored.

Session expired

The server has moved on; the page needs a fresh start.